ITL
OTSEGO BULLDOGS @ RICHMOND FLAIRS
08/08/2027
 
TOP OF THE 1ST
Otsego Bulldogs batting - Pitching for Richmond Flairs : RHP Carlos Fernández
Pitching: RHP Carlos Fernández
Batting: RHB Manuel Ortega 0-0: Foul Ball, location: 2F
0-1: Ball
1-1: Called Strike
1-2: Strikes out swinging
Batting: RHB Armando Cuevas 0-0: SINGLE (Flyball, 78S)
Batting: RHB Jorge Cisneros 0-0: Called Strike
0-1: Foul Ball, location: 2F
0-2: Foul Ball, location: 2F
0-2: Foul Ball, location: 2F
0-2: Foul Ball, location: 2F
0-2: Fly out, F8 (Flyball, 8LM)
Batting: RHB Cristo García 0-0: Ball
1-0: Foul Ball, location: 2F
1-1: Ball
2-1: Foul Ball, location: 2F
2-2: Fly out, F4 (Line Drive, 4)
Top of the 1st over - 0 run(s), 1 hit(s), 0 error(s), 1 left on base; Otsego 0 - Richmond 0
BOTTOM OF THE 1ST
Richmond Flairs batting - Pitching for Otsego Bulldogs : RHP Ricardo Quiñones
Pitching: RHP Ricardo Quiñones
Batting: RHB Javier Rentería 0-0: Reached on error, E5 (Groundball, 5)
Batting: LHB R.J. Courtney 0-0: Ball
1-0: Foul Ball, location: 2F
1-1: Called Strike
1-2: Ball
2-2: Strikes out swinging
Batting: RHB Elliott Johnston 0-0: SINGLE (Line Drive, 56)
Javier Rentería to second
Batting: LHB Luis Villa 0-0: Grounds into double play, 6-4-3 (Groundball, 6)
Bottom of the 1st over - 0 run(s), 1 hit(s), 1 error(s), 1 left on base; Otsego 0 - Richmond 0
TOP OF THE 2ND
Otsego Bulldogs batting - Pitching for Richmond Flairs : RHP Carlos Fernández
Batting: RHB Ramiro Chávez 0-0: Ball
1-0: Ball
2-0: Fly out, F6 (Line Drive, 56)
Batting: RHB Felipe Rego 0-0: Called Strike
0-1: Ball
1-1: Single, Error in OF, E8, batter to second base
Batting: RHB José Martínez 0-0: Ball
1-0: Foul Ball, location: 2F
1-1: Ground out 5-3 (Groundball, 56S)
Felipe Rego to third
Batting: RHB Juan Pérez 0-0: Foul Ball, location: 2F
0-1: Ground out 1-3 (Groundball, 13S)
Top of the 2nd over - 0 run(s), 1 hit(s), 1 error(s), 1 left on base; Otsego 0 - Richmond 0
BOTTOM OF THE 2ND
Richmond Flairs batting - Pitching for Otsego Bulldogs : RHP Ricardo Quiñones
Batting: RHB Gary Thomas 0-0: Swinging Strike
0-1: Ball
1-1: Swinging Strike
1-2: Ground out 6-3 (Groundball, 6)
Batting: RHB Tadakuni Sugiyama 0-0: Ball
1-0: Ball
2-0: Foul Ball, location: 2F
2-1: Ground out 6-3 (Groundball, 56)
Batting: RHB R.J. Crosby 0-0: Ground out 6-3 (Groundball, 6)
Bottom of the 2nd over - 0 run(s), 0 hit(s), 0 error(s), 0 left on base; Otsego 0 - Richmond 0
TOP OF THE 3RD
Otsego Bulldogs batting - Pitching for Richmond Flairs : RHP Carlos Fernández
Batting: LHB Martin Davis 0-0: Called Strike
0-1: Ball
1-1: Ball
2-1: Ball
3-1: Ground out 4-3 (Groundball, 4)
Batting: RHB Manuel Ortega 0-0: Ball
1-0: Ball
2-0: Foul Ball, location: 2F
2-1: Swinging Strike
2-2: Strikes out swinging
Batting: RHB Armando Cuevas 0-0: Called Strike
0-1: Ball
1-1: Ball
2-1: Foul Ball, location: 2F
2-2: Ball
3-2: Base on Balls
Batting: RHB Jorge Cisneros 0-0: Called Strike
0-1: Foul Ball, location: 2F
0-2: Ground out 5-3 (Groundball, 56)
Top of the 3rd over - 0 run(s), 0 hit(s), 0 error(s), 1 left on base; Otsego 0 - Richmond 0
BOTTOM OF THE 3RD
Richmond Flairs batting - Pitching for Otsego Bulldogs : RHP Ricardo Quiñones
Batting: RHB Christian Hudson 0-0: Called Strike
0-1: Swinging Strike
0-2: Foul Ball, location: 2F
0-2: Foul Ball, location: 2F
0-2: Ball
1-2: Strikes out swinging
Batting: RHB Freddy Padilla 0-0: Called Strike
0-1: Ball
1-1: Ground out 1-3 (Groundball, 15)
Batting: RHB Javier Rentería 0-0: Ground out 5-3 (Groundball, 5L)
Bottom of the 3rd over - 0 run(s), 0 hit(s), 0 error(s), 0 left on base; Otsego 0 - Richmond 0
TOP OF THE 4TH
Otsego Bulldogs batting - Pitching for Richmond Flairs : RHP Carlos Fernández
Batting: RHB Cristo García 0-0: SINGLE (Groundball, 4MS) (infield hit)
Batting: RHB Ramiro Chávez 0-0: Foul Ball, location: 2F
0-1: Ball
Cristo García steals 2nd base
1-1: Ball
2-1: Ball
3-1: Swinging Strike
3-2: Foul Ball, location: 2F
3-2: SINGLE (Groundball, 56S) (infield hit)
Cristo García to third
Batting: RHB Felipe Rego 0-0: Foul Ball, location: 2F
0-1: Ball
1-1: Swinging Strike
1-2: Ball
2-2: Fly out, F9 (Flyball, 9LSF)
Runner from 3rd tags up, SCORES, no throw
Batting: RHB José Martínez 0-0: Called Strike
0-1: Called Strike
0-2: Ball
1-2: Strikes out looking
Batting: RHB Juan Pérez 0-0: Ball
1-0: Swinging Strike
1-1: Called Strike
1-2: Foul Ball, location: 2F
1-2: Strikes out swinging
Top of the 4th over - 1 run(s), 2 hit(s), 0 error(s), 1 left on base; Otsego 1 - Richmond 0
BOTTOM OF THE 4TH
Richmond Flairs batting - Pitching for Otsego Bulldogs : RHP Ricardo Quiñones
Batting: LHB R.J. Courtney 0-0: Ball
1-0: Foul Ball, location: 2F
1-1: Foul Ball, location: 2F
1-2: Strikes out swinging
Batting: RHB Elliott Johnston 0-0: Called Strike
0-1: Ball
1-1: Called Strike
1-2: Foul Ball, location: 2F
1-2: Ball
2-2: Ground out 4-3 (Groundball, 4S)
Batting: LHB Luis Villa 0-0: Called Strike
0-1: Called Strike
0-2: Ground out 3-1 (Groundball, 34)
Bottom of the 4th over - 0 run(s), 0 hit(s), 0 error(s), 0 left on base; Otsego 1 - Richmond 0
TOP OF THE 5TH
Otsego Bulldogs batting - Pitching for Richmond Flairs : RHP Carlos Fernández
Batting: LHB Martin Davis 0-0: Ball
1-0: Called Strike
1-1: Ball
2-1: Ball
3-1: Ground out 4-3 (Groundball, 4)
Batting: RHB Manuel Ortega 0-0: SINGLE (Groundball, 56D)
Batting: RHB Armando Cuevas 0-0: Called Strike
0-1: Swinging Strike
0-2: Strikes out swinging
Batting: RHB Jorge Cisneros 0-0: Called Strike
0-1: Swinging Strike
0-2: Ball
1-2: Foul Ball, location: 2F
1-2: Foul Ball, location: 2F
1-2: Strikes out swinging
Top of the 5th over - 0 run(s), 1 hit(s), 0 error(s), 1 left on base; Otsego 1 - Richmond 0
BOTTOM OF THE 5TH
Richmond Flairs batting - Pitching for Otsego Bulldogs : RHP Ricardo Quiñones
Batting: RHB Gary Thomas 0-0: SOLO HOME RUN (Flyball, 7D), Distance : 362 ft
Batting: RHB Tadakuni Sugiyama 0-0: Ball
1-0: Swinging Strike
1-1: Ball
2-1: Called Strike
2-2: Fly out, F8 (Flyball, 8RD)
Batting: RHB R.J. Crosby 0-0: Ball
1-0: Swinging Strike
1-1: Ball
2-1: SINGLE (Groundball, 34D)
Batting: RHB Christian Hudson 0-0: Ball
1-0: Ball
2-0: Foul Ball, location: 2F
2-1: Foul Ball, location: 2F
2-2: Grounds into double play, 5-4-3 (Groundball, 56)
Bottom of the 5th over - 1 run(s), 2 hit(s), 0 error(s), 0 left on base; Otsego 1 - Richmond 1
TOP OF THE 6TH
Otsego Bulldogs batting - Pitching for Richmond Flairs : RHP Carlos Fernández
Batting: RHB Cristo García 0-0: Ball
1-0: Foul Ball, location: 2F
1-1: Ball
2-1: Fly out, F8 (Flyball, 8LM)
Batting: RHB Ramiro Chávez 0-0: Foul Ball, location: 2F
0-1: Called Strike
0-2: Ball
1-2: Foul Ball, location: 2F
1-2: SINGLE (Line Drive, 56D)
Batting: RHB Felipe Rego 0-0: Ground out 5-3 (Groundball, 6S)
Ramiro Chávez to second
Batting: RHB José Martínez 0-0: Called Strike
0-1: Called Strike
0-2: Ball
1-2: Foul Ball, location: 2F
1-2: Strikes out swinging
Top of the 6th over - 0 run(s), 1 hit(s), 0 error(s), 1 left on base; Otsego 1 - Richmond 1
BOTTOM OF THE 6TH
Richmond Flairs batting - Pitching for Otsego Bulldogs : RHP Ricardo Quiñones
Batting: RHB Freddy Padilla 0-0: Ball
1-0: Swinging Strike
1-1: Swinging Strike
1-2: Strikes out swinging
Batting: RHB Javier Rentería 0-0: Ball
1-0: Ground out 6-3 (Groundball, 6)
Batting: LHB R.J. Courtney 0-0: Ball
1-0: Ball
2-0: Ball
3-0: Base on Balls
Batting: RHB Elliott Johnston 0-0: Ball
1-0: Called Strike
1-1: Ball
2-1: Foul Ball, location: 2F
2-2: Ball
3-2: SINGLE (Flyball, 9LM)
R.J. Courtney to second
R.J. Courtney to third
Batting: LHB Luis Villa 0-0: Ball
1-0: Ground out 4-3 (Groundball, 34)
Bottom of the 6th over - 0 run(s), 1 hit(s), 0 error(s), 2 left on base; Otsego 1 - Richmond 1
TOP OF THE 7TH
Otsego Bulldogs batting - Pitching for Richmond Flairs : RHP Carlos Fernández
Pitching: LHP Salvador Rodríguez
Batting: RHB Juan Pérez 0-0: Ground out 6-3 (Groundball, 6)
Batting: LHB Martin Davis 0-0: Called Strike
0-1: Swinging Strike
0-2: Ball
1-2: Foul Ball, location: 2F
1-2: Fly out, F3 (Line Drive, 3L)
Batting: RHB Manuel Ortega 0-0: Ball
1-0: Called Strike
1-1: Foul Ball, location: 2F
1-2: Foul Ball, location: 2F
1-2: Strikes out looking
Top of the 7th over - 0 run(s), 0 hit(s), 0 error(s), 0 left on base; Otsego 1 - Richmond 1
BOTTOM OF THE 7TH
Richmond Flairs batting - Pitching for Otsego Bulldogs : RHP Ricardo Quiñones
Pinch Hitting: LHB Frank Geddes 0-0: Ball
1-0: Ball
2-0: Foul Ball, location: 2F
2-1: Called Strike
2-2: Foul Ball, location: 2F
2-2: SINGLE (Line Drive, 9LM)
Batting: RHB Tadakuni Sugiyama 0-0: Reached on error, E1 (Groundball, 15S)
Frank Geddes to second
Batting: RHB R.J. Crosby 0-0: Ball
1-0: Ball
2-0: Ball
3-0: Called Strike
3-1: Base on Balls
Frank Geddes to third
Tadakuni Sugiyama to second
Pinch Hitting: LHB Sean Nicks 0-0: Swinging Strike
0-1: SINGLE (Groundball, 56)
Frank Geddes scores
Tadakuni Sugiyama to third
R.J. Crosby to second
Pitching: LHP Mario Solíz
Batting: RHB Freddy Padilla 0-0: Ball
1-0: Foul Ball, location: 2F
1-1: Foul Ball, location: 2F
1-2: Ball
2-2: Strikes out swinging
Batting: RHB Javier Rentería 0-0: Ball
1-0: Called Strike
1-1: Called Strike
1-2: SINGLE (Line Drive, 9S)
Tadakuni Sugiyama scores
R.J. Crosby to third
Sean Nicks to second
Pinch Hitting: RHB Jack Ray 0-0: Ball
1-0: Swinging Strike
1-1: Swinging Strike
1-2: Foul Ball, location: 2F
1-2: Ball
2-2: Foul Ball, location: 2F
2-2: Strikes out looking
Batting: RHB Elliott Johnston 0-0: Ball
1-0: Fly out, F7 (Flyball, 7)
Bottom of the 7th over - 2 run(s), 3 hit(s), 1 error(s), 3 left on base; Otsego 1 - Richmond 3
TOP OF THE 8TH
Otsego Bulldogs batting - Pitching for Richmond Flairs : LHP Salvador Rodríguez
Now at 2B: Jack Ray
Now at 3B: Adrián Miranda
Now in LF: Roland Jones
Batting: RHB Armando Cuevas 0-0: Swinging Strike
0-1: Ball
1-1: Ball
2-1: Swinging Strike
2-2: Strikes out swinging
Batting: RHB Jorge Cisneros 0-0: Ball
1-0: SOLO HOME RUN (Line Drive, 78XD), Distance : 394 ft
Pitching: LHP Enrico Lozano
Batting: RHB Cristo García 0-0: Called Strike
0-1: Ball
1-1: Ball
2-1: Fly out, F7 (Line Drive, 7S)
Pitching: RHP Luis Bruno
Batting: RHB Ramiro Chávez 0-0: SINGLE (Groundball, 34D)
Batting: RHB Felipe Rego 0-0: Ball
1-0: Ball
2-0: Foul Ball, location: 2F
2-1: Foul Ball, location: 2F
2-2: Strikes out swinging
Top of the 8th over - 1 run(s), 2 hit(s), 0 error(s), 1 left on base; Otsego 2 - Richmond 3
BOTTOM OF THE 8TH
Richmond Flairs batting - Pitching for Otsego Bulldogs : LHP Mario Solíz
Batting: LHB Luis Villa 0-0: Ball
1-0: Foul Ball, location: 2F
1-1: Swinging Strike
1-2: Foul Ball, location: 2F
1-2: Fly out, F7 (Flyball, 7D)
Batting: SHB Adrián Miranda 0-0: Ball
1-0: Called Strike
1-1: Called Strike
1-2: Strikes out swinging
Batting: RHB Tadakuni Sugiyama 0-0: Called Strike
0-1: Fly out, F1 (Line Drive, 15)
Bottom of the 8th over - 0 run(s), 0 hit(s), 0 error(s), 0 left on base; Otsego 2 - Richmond 3
TOP OF THE 9TH
Otsego Bulldogs batting - Pitching for Richmond Flairs : RHP Luis Bruno
Pitching: RHP Alfonso Rodríguez
Now at 2B: Maresuke Yoshida
Pinch Hitting: RHB Jesús Tisnado 0-0: SINGLE (Line Drive, 7S)
Batting: RHB Juan Pérez 0-0: Foul Ball, location: 2F
0-1: Ball
1-1: Swinging Strike
1-2: Fly out, F7 (Line Drive, 7)
Batting: LHB Martin Davis 0-0: Ball
1-0: Called Strike
1-1: Ball
2-1: Ball
3-1: Called Strike
3-2: Strikes out looking
Batting: RHB Manuel Ortega 0-0: Called Strike
0-1: Ball
1-1: Foul Ball, location: 2F
1-2: Foul Ball, location: 2F
1-2: Strikes out swinging
Top of the 9th over - 0 run(s), 1 hit(s), 0 error(s), 1 left on base; Otsego 2 - Richmond 3
Thursday, March 30th, 2017 - OOTP Baseball 17.12 Build 75